Map: King's Cove LE

Players

Yasukinsan

  • Race: Zerg Zerg
  • League: Silver
  • Spawn Location: 11:00

wootwoot - Winner!

  • Race: Terran Terran
  • League: Silver
  • Spawn Location: 5:00

VOD

Have the link to the VOD?

Description

Time

  • Played on: April 1, 2025, 4:33 p.m.
  • Length: 5:38
Show
View Real Time Build Order
Export as new Build Order

Yasukinsan Zerg 

Build Orders: Pool First 

Get SALT Encoding   

  12  0:02  Drone  
  13  0:26  Spawning Pool  
  12  0:41  Drone x2  
  14  0:51  Extractor  
  14  0:54  Extractor  
  14  1:12  Hatchery  
  13  1:25  Roach Warren  
  12  1:28  Extractor  
  12  1:29  Drone x3  
  14  2:10  Overlord  
  14  2:38  Spine Crawler  
  14  2:43  Queen  
  15  2:46  Roach  
  15  2:47  Roach  
  15  2:51  Roach  
  21  3:03  Spine Crawler  
  21  3:04  Roach  
  22  3:10  Zergling x6  
  15  3:58  Lair  
  15  4:03  Roach x3  
  18  4:22  Roach x3  
  24  4:30  Spine Crawler  
  17  4:34  Spine Crawler  
  17  4:37  Drone  
  17  5:04  Infestation Pit  
Show
View Real Time Build Order
Export as new Build Order

wootwoot Terran - Winner!

Build Orders: 2 Factory 

Get SALT Encoding   

  12  0:00  SCV  
  13  0:12  SCV  
  14  0:18  Supply Depot  
  14  0:24  SCV  
  15  0:30  Refinery  
  15  0:39  SCV  
  16  0:46  Barracks  
  16  0:51  SCV  
  16  0:57  Refinery  
  17  1:03  SCV  
  18  1:15  SCV  
  19  1:34  Factory  
  19  1:36  Barracks Reactor  
  19  1:37  Orbital Command  
  19  1:46  Supply Depot  
  19  2:02  Factory  
  19  2:05  SCV  
  20  2:18  SCV  
  21  2:24  Hellion  
  21  2:25  Hellion  
  21  2:27  Barracks Tech Lab  
  25  2:32  SCV  
  26  2:52  Siege Tank  
  26  2:55  Supply Depot  
  26  2:56  Hellion  
  31  3:06  Supply Depot  
  31  3:17  Hellion  
  33  3:24  Siege Tank  
  36  3:29  Supply Depot  
  34  3:42  SCV  
  35  4:02  Siege Tank  
  38  4:04  Hellion  
  40  4:19  Hellion  
  40  4:21  SCV  
  40  4:22  Supply Depot  
  41  4:37  Siege Tank  
  44  4:42  Hellion  
  46  4:52  Supply Depot  
  46  4:55  SCV  
  47  5:12  Hellion x2  
  54  5:19  Supply Depot  
Tags
 
Add a new tag
Caveats
  • Supply blocks, unpowered buildings, or Contaminate may cause inaccurate times.
  • Supply counts are checked every 10 seconds.